 Dungeon Crawl Stone Soup version 0.18.1-8-gdd0e5ea (webtiles) character file.

135 Scarto the Skirmisher (level 4, -4/37 HPs)
             Began as a Demonspawn Fighter on June 6, 2016.
             Slain by a gnoll
             ... wielding a +0 whip
              (6 damage)
             ... on level 3 of the Dungeon.
             The game lasted 00:03:12 (1638 turns).

Scarto the Skirmisher (Demonspawn Fighter)          Turns: 1638, Time: 00:03:12

Health: -4/37      AC:  6    Str: 23    XL:     4   Next: 97%
Magic:  4/4        EV:  7    Int:  9    God:
Gold:   134        SH:  9    Dex: 12    Spells: 0 memorised, 3 levels left

rFire  . . .     SeeInvis .     a - +0 war axe
rCold  . . .     Gourm    .     b - +0 scale mail
rNeg   . . .     Faith    .     c - +0 shield
rPois  .         Spirit   .     (no helmet)
rElec  .         Dismiss  .     (no cloak)
rCorr  .         Reflect  .     (no gloves)
SustAt .         Harm     .     (no boots)
MR     .....                    (no amulet)
Stlth  ..........               (no ring)
                                (no ring)

@: mighty, not resistant to hostile enchantments, extremely unstealthy
A: powered by pain 1
a: no special abilities


You were on level 3 of the Dungeon.
You were not hungry.

You visited 1 branch of the dungeon, and saw 3 of its levels.

You collected 134 gold pieces.

Inventory:

Hand Weapons
 a - a +0 war axe (weapon)
Armour
 b - a +0 scale mail (worn)
 c - a +0 shield (worn)
Wands
 k - a wand of slowing (48/48)
Comestibles
 f - a bread ration


   Skills:
 + Level 4.0 Fighting
 + Level 2.7 Axes
 + Level 3.3 Armour
 + Level 3.4 Shields


You had 3 spell levels left.
You didn't know any spells.

Dungeon Overview and Level Annotations

Branches:
Dungeon (3/15)

Altars:
Ashenzari
Kikubaaqudgha
Nemelex Xobeh
Ru
Trog


Innate Abilities, Weirdness & Mutations

You sometimes gain a little power by taking damage.


Message History

You don't have any such object.
Drink which item? (? for menu, Esc to quit)
You don't have any such object.
Drink which item? (? for menu, Esc to quit)
Okay, then.
Drink which item? (? for menu, Esc to quit)
You feel very mighty all of a sudden.
The gnoll hits you from afar with a spear.
* * * LOW HITPOINT WARNING * * *
You block the gnoll's attack. The gnoll hits you but does no damage.
The gnoll closely misses you.
You are too injured to fight recklessly!
Unknown command.
You are too injured to fight recklessly!
Unknown command.
You are too injured to fight recklessly!
Unknown command.
You are too injured to fight recklessly!
You block the gnoll's attack. x2; The gnoll hits you with a whip.
You die...

#........# #♣♣♣♣≈
#........# ♣≈ #........#
♣♣ #.......# ♣ #.......#
####### ##♣ ♣♣ +....gg.#
#≈≈≈♣≈###≈♣♣♣≈
#...gg.g##♣≈≈≈P≈≈♣≈≈≈≈≈≈
#gg#♣PP≈P≈≈≈≈≈≈≈≈≈P
#.@P≈P≈≈≈≈†P≈≈≈≈P≈≈
#...(..............
#..≈≈≈P≈≈≈≈≈≈P≈≈≈P≈
###≈≈P≈≈≈≈♣♣♣♣≈≈≈P♣
##♣≈≈≈≈≈≈♣♣≈≈♣♣♣♣
#≈≈♣♣♣#####♣ ####


You could see 7 gnolls.

Vanquished Creatures
  Ijyb (D:2)
  Terence (D:2)
  3 adders
  2 oozes
  2 worms
  2 dart slugs (D:1)
  A giant gecko (D:2)
  2 orcs
  3 ball pythons (D:1)
  3 bats
  3 goblins (D:1)
  7 hobgoblins
  2 kobolds (D:2)
  2 giant newts
  4 rats
38 creatures vanquished.

Notes
Turn   | Place    | Note
--------------------------------------------------------------
     0 | D:1      | Scarto the Demonspawn Fighter began the quest for the Orb.
     0 | D:1      | Reached XP level 1. HP: 18/18 MP: 1/1
   135 | D:1      | Gained mutation: You sometimes gain a little power by taking damage. [demonic ancestry]
   135 | D:1      | Reached XP level 2. HP: 16/24 MP: 2/2
   657 | D:2      | Noticed Terence
   666 | D:2      | Killed Terence
   666 | D:2      | Reached XP level 3. HP: 15/29 MP: 3/3
   932 | D:2      | Noticed Ijyb
   945 | D:2      | Killed Ijyb
   945 | D:2      | Reached XP level 4. HP: 23/37 MP: 4/4
   952 | D:2      | Found an ancient bone altar of Kikubaaqudgha.
   952 | D:2      | Found a sacrificial altar of Ru.
   978 | D:2      | Found a faded altar to an unknown god.
  1127 | D:2      | Found a sparkling altar of Nemelex Xobeh.
  1373 | D:2      | Found a shattered altar of Ashenzari.
  1373 | D:2      | Found a bloodstained altar of Trog.
  1454 | D:3      | Reached skill level 4 in Fighting
  1638 | D:3      | Slain by a gnoll

Skill      XL: |  1  2  3  4 |
---------------+-------------+-----
Axes           | 2 |  2.7
Armour         | 3 |  3.3
Shields        | 3 |  3.4
Fighting       | 4 |  4.0

Action                   |  1- 3 |  4- 6 || total
-------------------------+-------+-------++-------
Melee: War axe           |    75 |    52 ||   127
  Use: Potion            |       |     5 ||     5
       Scroll            |       |     4 ||     4
  Eat: Bread ration      |       |     1 ||     1
Armor: Scale mail        |    27 |    19 ||    46
       Skin              |       |    22 ||    22
Dodge: Dodged            |    17 |    10 ||    27
Block: Shield            |    40 |    35 ||    75
